 Dungeon Crawl Stone Soup version 0.30-a0-311-gf115ab0292 (webtiles) character file.

Game seed: 12391014180615131018

6059 purpskrrrp the Grappler (level 10, -16/78 (81) HPs)
             Began as a Troll Hedge Wizard on Oct 25, 2022.
             Was an Elder of Cheibriados.
             Demolished by a large slime creature (41 damage)
             ... on level 9 of the Dungeon.
             The game lasted 00:18:56 (10278 turns).

purpskrrrp the Grappler (Troll Hedge Wizard)       Turns: 10278, Time: 00:18:57

HP:   -16/78 (81)   AC:  3    Str: 43    XL:     10   Next: 57%
MP:   0/12          EV: 15    Int: 19    God:    Cheibriados [****..]
Gold: 336           SH:  0    Dex: 21    Spells: 12/13 levels left

rFire   . . .      SeeInvis .      - Unarmed
rCold   . . .      Faith    .    (no shield)
rNeg    . . .      Spirit   +    b - +0 robe
rPois   .          Reflect  .    c - +2 hat
rElec   +          Harm     .    A - +0 cloak {rCorr}
rCorr   +          Rampage  .    (gloves unavailable)
Will    .....                    (boots unavailable)
Stlth   ++........               j - amulet of guardian spirit
HPRegen 1.13/turn                D - ring "Ynitzes" {*Corrode rElec Str+4 Dex+3 Slay+4}
MPRegen 0.13/turn                F - +6 ring of strength

@: corroded, lightly drained, very slow
A: large, unfitting armour, claws 3, regeneration 1, shaggy fur 1, tough skin 1
a: Renounce Religion, Bend Time, Temporal Distortion, Slouch


You were on level 9 of the Dungeon.
You worshipped Cheibriados.
Cheibriados was greatly pleased with you.
You visited 1 branch of the dungeon, and saw 9 of its levels.
You also visited: Bailey.

You collected 557 gold pieces.
You spent 221 gold pieces at shops.

Inventory:

Hand Weapons
 a - a +1 dagger
 l - a +1 giant spiked club
Armour
 b - a +0 robe (worn)
 c - a +2 hat (worn)
 k - a +1 cloak of willpower
 A - a +0 cloak of preservation (worn)
Jewellery
 j - an amulet of guardian spirit (around neck)
 s - a +4 ring of protection
 x - a ring of protection from cold
 y - a ring of willpower
 C - a +6 ring of intelligence
 D - the ring "Ynitzes" (left claw) {*Corrode rElec Str+4 Dex+3 Slay+4}
   (You acquired it in a bailey)

   [ring of slaying]

   Str:       It affects your strength (+4).
   Dex:       It affects your dexterity (+3).
   Slay:      It affects your accuracy & damage with ranged weapons and melee
   (+4).
   rElec:     It insulates you from electricity.
   *Corrode:  It may corrode you when you take damage.
 E - the ring of the Glimmering Traitor {Ice *Slow Int+9}
   (You found it on level 8 of the Dungeon)

   [ring of ice]

   It enhances your ice magic.
   Int:       It affects your intelligence (+9).
   rF:        It makes you vulnerable to fire.
   rC:        It protects you from cold.
   *Slow:     It may slow you when you take damage.
 F - a +6 ring of strength (right claw)
 H - a +4 ring of evasion
 J - an amulet of faith
Wands
 e - a wand of roots (24)
 n - a wand of charming (7)
 r - a wand of digging (14)
 z - a wand of mindburst (7)
Scrolls
 o - a scroll of identify
 p - a scroll of immolation
 q - a scroll of blinking {unknown}
 v - 2 scrolls of teleportation
 I - a scroll of summoning
Potions
 d - a potion of magic
 f - 4 potions of mutation
 g - 2 potions of brilliance
 h - 2 potions of might
 i - a potion of curing
 m - a potion of attraction {unknown}
 t - 2 potions of lignification {unknown}
 u - a potion of haste {unknown}
 w - 2 potions of degeneration
 B - a potion of ambrosia {unknown}
 G - a potion of experience


   Skills:
 + Level 8.4 Dodging
 - Level 1.0 Stealth
 * Level 13.6 Unarmed Combat
 - Level 2.0 Spellcasting
 - Level 0.7 Conjurations
 - Level 0.7 Summonings
 - Level 0.7 Translocations


You had 12 spell levels left.
You knew the following spells:

 Your Spells              Type           Power      Damage    Failure   Level
a - Magic Dart            Conj           16%        1d3       12%         1

Your spell library contained the following spells:

 Spells                   Type           Power      Damage    Failure   Level
 Apportation              Tloc           8%         N/A       13%         1
 Slow                     Hex            4%         N/A       17%         1
 Blink                    Tloc           8%         N/A       19%         2
 Call Imp                 Summ           4%         N/A       19%         2
 Cigotuvi's Dreadful Rot  Necr/Pois/Air  2%         N/A       26%         2
 Sublimation of Blood     Necr           1%         N/A       26%         2
 Wereblood                Tmut           1%         N/A       26%         2
 Mephitic Cloud           Conj/Pois/Air  2%         N/A       41%         3
 Olgreb's Toxic Radiance  Pois           1%         N/A       86%         4
 Alistair's Intoxication  Tmut/Pois      0%         N/A       99%         5
 Ozocubu's Refrigeration  Ice            0%         4d7       100%        7
 Summon Hydra             Summ           2%         N/A       100%        7
 Ignition                 Fire           0%         3d3       100%        8


Dungeon Overview and Level Annotations

Branches:
Dungeon (9/15)             Temple (0/1) D:7          Bailey (visited)
   Lair: D:8-11         Orc: D:9-12

Altars:
Cheibriados
Gozag
Hepliaklqana
Ru
Zin

Shops:
D:5 *

Annotations:
D:8 1 transporter


Innate Abilities, Weirdness & Mutations

You are too large for most types of armour.
You have claws for hands.
Your natural rate of healing is unusually fast.
You are covered in fur. (AC +1)
You have tough skin. (AC +1)


Message History

The wight closely misses you. The slime creature hits you!
You claw the slime creature!
The slime creature is almost dead.
A wight comes into view. It is wielding a +1 halberd of venom.
The slime creature closely misses you.
Two slime creatures merge to form a large slime creature.
The wight completely misses you.
You mangle the large slime creature!!
You claw the large slime creature, but do no damage.
The large slime creature is heavily wounded.
The wight hits you with a +3 mace!
You feel drained.
You are too injured to fight recklessly!
You are too injured to fight recklessly!
You are too injured to fight recklessly!
You are too injured to fight recklessly!
You are too injured to fight recklessly!
You are too injured to fight recklessly!
You are too injured to fight recklessly!
You are too injured to fight recklessly!
You are too injured to fight recklessly!
You are too injured to fight recklessly!
You are too injured to fight recklessly!
You are too injured to fight recklessly!
You are too injured to fight recklessly!
You are too injured to fight recklessly!
You are too injured to fight recklessly!
You are too injured to fight recklessly!
You are too injured to fight recklessly!
You are too injured to fight recklessly!
You are too injured to fight recklessly!
You are too injured to fight recklessly!
You are too injured to fight recklessly!
You are too injured to fight recklessly!
You are too injured to fight recklessly!
Okay, then.
Okay, then.
The large slime creature attacks as you move away!
The large slime creature hits you!!!
Ouch! That really hurt!
You die...

.. #.##.####.# #
#.##.###..#
######.##...#..# #
......<........# .#
.......#####...####z##
.......# ##........###
.......# #.###.......
.......# #....z#..#
.......# #.##@....#
...|...# #.###J......
.......# #.# .J.####
.......# #.# ...#
.......# #.# .#...
######## #.# .#.#.. ..
.#.#... .# ..


You could see a large slime creature, a slime creature and 2 wights.

Vanquished Creatures
  A two-headed ogre (D:8)
  Maurice (D:8)
  2 kobold demonologists (Bailey)
  A slime creature (D:9)
  Prince Ribbit (D:8)
  A wraith (D:5)
  Edmund (D:5)
  14 orc warriors
  A black bear (D:6)
  An ogre (D:5)
  A phantom (D:5)
  A centaur (D:7)
  A kobold brigand (D:8)
  2 bullfrogs
  A necrophage (D:6)
  A gnoll sergeant (D:8)
  4 scorpions
  4 wights (D:8)
  5 killer bees (D:8)
  2 howler monkeys
  4 electric eels (Bailey)
  11 orc priests
  2 hounds
  A jelly (D:8)
  Crazy Yiuf (D:5)
  5 iguanas
  7 orc wizards
  Robin (D:2)
  10 gnolls
  9 adders
  A river rat (D:5)
  3 white imps
  A worm (D:5)
  2 dart slugs (D:4)
  42 orcs
  6 bats
  7 endoplasms
  5 giant cockroaches
  21 goblins
  14 hobgoblins
  2 quokkas (D:4)
  6 ball pythons
  2 frilled lizards
  2 kobolds
  6 rats
217 creatures vanquished.

Vanquished Creatures (collateral kills)
  2 goblins (D:2)
2 creatures vanquished.

Grand Total: 219 creatures vanquished

Notes
Turn   | Place    | Note
-------+----------+-------------------------------------------
     0 | D:1      | purpskrrrp the Troll Hedge Wizard began the quest for the
                  | Orb.
     0 | D:1      | Reached XP level 1. HP: 16/16 MP: 2/2
   257 | D:1      | Reached XP level 2. HP: 24/24 MP: 4/4
   311 | D:1      | Reached skill level 1 in Unarmed Combat
  1274 | D:2      | Reached XP level 3. HP: 28/31 MP: 0/5
  1431 | D:2      | Noticed Robin
  1433 | D:2      | Reached skill level 2 in Unarmed Combat
  1450 | D:2      | Reached skill level 5 in Dodging
  1450 | D:2      | Reached skill level 8 in Unarmed Combat
  1450 | D:2      | Reached XP level 4. HP: 18/39 MP: 2/6
  1517 | D:2      | Killed Robin
  1878 | D:2      | Reached XP level 5. HP: 45/45 MP: 4/7
  1916 | D:2      | Reached skill level 9 in Unarmed Combat
  2505 | D:3      | Found an opulent altar of Gozag.
  3248 | D:4      | Reached XP level 6. HP: 51/53 MP: 2/8
  4125 | D:5      | Entered Level 5 of the Dungeon
  4131 | D:5      | Noticed a wraith
  4140 | D:5      | Killed a wraith
  4141 | D:5      | Reached XP level 7. HP: 51/59 MP: 6/9
  4398 | D:5      | Reached skill level 10 in Unarmed Combat
  4449 | D:5      | Noticed Edmund
  4462 | D:5      | Killed Edmund
  4582 | D:5      | Found a snail-covered altar of Cheibriados.
  4636 | D:5      | Reached XP level 8. HP: 67/67 MP: 2/10
  5184 | D:5      | Found a glowing silver altar of Zin.
  5290 | D:5      | Found a hazy altar of Hepliaklqana.
  5296 | D:5      | Found a snail-covered altar of Cheibriados.
  5437 | D:5      | Found Gylopoha's Assorted Antiques.
  5442 | D:5      | Bought a scroll labelled PUSCHO KAWA for 26 gold pieces
  5442 | D:5      | Bought a scroll of enchant armour for 195 gold pieces
  5516 | D:5      | Found a runed translucent door.
  5517 | D:5      | Noticed Crazy Yiuf
  5526 | D:5      | Killed Crazy Yiuf
  5633 | D:5      | Became a worshipper of Cheibriados the Contemplative
  6102 | D:6      | Reached * piety under Cheibriados
  6103 | D:6      | Reached skill level 11 in Unarmed Combat
  6836 | D:7      | Found a staircase to the Ecumenical Temple.
  6892 | D:7      | Reached XP level 9. HP: 64/74 MP: 1/11
  7841 | D:8      | Noticed Maurice
  7873 | D:8      | Killed Maurice
  7873 | D:8      | Reached ** piety under Cheibriados
  7999 | D:8      | Identified the ring of the Glimmering Traitor {Ice *Slow
                  | Int+9}
  8016 | D:8      | Found a transporter.
  8248 | D:8      | Found a flagged portal.
  8264 | Bailey   | Entered a bailey
  8381 | Bailey   | Reached skill level 12 in Unarmed Combat
  8856 | Bailey   | HP: 2/74 [electric eel/bolt of electricity (16)]
  8862 | Bailey   | Found an iron altar of Okawaru.
  8862 | Bailey   | Noticed a kobold demonologist
  8863 | Bailey   | Noticed a kobold demonologist
  8870 | Bailey   | Noticed a rust devil
  8870 | Bailey   | Noticed a smoke demon
  8887 | Bailey   | Noticed a rust devil
  8896 | Bailey   | Killed a kobold demonologist
  8906 | Bailey   | Killed a kobold demonologist
  8907 | Bailey   | Reached XP level 10. HP: 44/81 MP: 2/12
  9020 | Bailey   | Reached *** piety under Cheibriados
  9229 | Bailey   | Acquired the ring "Ynitzes" {*Corrode rElec Str+4 Dex+3
                  | Slay+4}
  9504 | D:8      | Reached skill level 13 in Unarmed Combat
  9598 | D:8      | Found a sacrificial altar of Ru.
  9668 | D:8      | Noticed a two-headed ogre
  9677 | D:8      | Killed a two-headed ogre
  9795 | D:8      | Reached **** piety under Cheibriados
  9898 | D:8      | Noticed Prince Ribbit
  9904 | D:8      | Killed Prince Ribbit
 10278 | D:9      | Demolished by a large slime creature

Illustrated notes

Levels and vault maps discovered:
D:1:      scummos_arrival_checkerplants, layout_loops_ring
D:2:      layout_basic, uniq_robin
D:3:      layout_basic, nicolae_gozag_cash_rules_everything_around_me,
          nicolae_hexahallways, nrook_campfire, chequers_serial_rivers_room_b,
          amcnicky_mini_corridor_feature
D:4:      layout_rooms, supply_closet_lemuel, minmay_fountain_box
D:5:      layout_basic, amethyst_overflow_temple_binary,
          gup_sewer_entry_bubbles, serial_shops, kennysheep_little_box,
          hangedman_feature_mirror, uniq_crazy_yiuf_cottage, uniq_edmund
D:6:      layout_basic
D:7:      layout_cave_pods, minmay_temple_entry_sparse_star
D:8:      layout_cave_pools, overflow_temple_1_default, serial_column_ruins,
          column_ruins_hut, column_ruins_hut_ruined,
          column_ruins_columns_straight, column_ruins_corridor_plus,
          column_ruins_grid_1, enter_bailey_4, nicolae_diode_basic,
          uniq_maurice, uniq_prince_ribbit1
D:9:      layout_basic

Skill      XL: |  1  2  3  4  5  6  7  8  9 10 |
---------------+-------------------------------+-----
Unarmed Combat | 1 8 9 10 11 12 13 | 13.6
Dodging        | 2 5 6 7 8 |  8.4
Stealth        | |  1.0
Spellcasting   | |  2.0
Conjurations   | |  0.7
Summonings     | |  0.7
Translocations | |  0.7

Action                   |  1- 3 |  4- 6 |  7- 9 | 10-12 || total
-------------------------+-------+-------+-------+-------++-------
Melee: Dagger            |   121 |    17 |       |       ||   138
       Unarmed           |       |   119 |   272 |    71 ||   462
       Punch             |       |     3 |     6 |     6 ||    15
 Cast: Magic Dart        |    35 |    89 |   183 |    73 ||   380
Invok: Bend Time         |       |       |     1 |       ||     1
  Use: Scroll            |     3 |     6 |    10 |     4 ||    23
       Potion            |     1 |       |     4 |       ||     5
Armor: Robe              |    72 |    20 |    86 |     6 ||   184
Dodge: Dodged            |    84 |    63 |   127 |    24 ||   298

Table legend: (Time is in decaauts)
 A = Elapsed time spent in this place.
 B = Non-inter-level travel time spent in this place.
 C = Inter-level travel time spent in this place.
 D = Time resting spent in this place.
 E = Time spent auto-exploring this place.
 F = Levels seen in this place.
 G = Mean time per level.
                   A        B        C        D        E       F      G
               +--------+--------+--------+--------+--------+-----+--------+
         Total |  11316 |  11064 |    252 |    482 |   8803 |  10 | 1131.6 |
       Dungeon |   9882 |   9630 |    252 |     96 |   8149 |   9 | 1098.0 |
        Bailey |   1434 |   1434 |      0 |    386 |    654 |   1 | 1434.0 |
               +--------+--------+--------+--------+--------+-----+--------+

Top non-repeatable levels by time:
     D:5: 1551 daAuts
     D:8: 1506 daAuts
  Bailey: 1434 daAuts
     D:7: 1429 daAuts
     D:2: 1323 daAuts
     D:6: 1090 daAuts
     D:3: 1028 daAuts
     D:1: 883 daAuts
     D:4: 872 daAuts
     D:9: 197 daAuts
